 Dungeon Crawl Stone Soup version 0.29.0-4-gdea44cf6ec (webtiles) character file.

Game seed: 1359960089498079479

2 qw the Sneak (level 1, 0/14 HPs)
             Began as a Gargoyle Delver on Sept 10, 2022.
             Killed by divine providence
             ... invoked by an orc priest
              (14 damage)
             ... on level 5 of the Dungeon.
             The game lasted 00:00:02 (244 turns).

qw the Sneak (Gargoyle Delver)                       Turns: 244, Time: 00:00:03

Health: 0/14       AC:  5    Str: 15    XL:     1   Next: 30%
Magic:  1/1        EV: 11    Int: 10    God:
Gold:   0          SH:  0    Dex: 11    Spells: 0/0 levels left

rFire   . . .      SeeInvis .   a - +0 hand axe
rCold   . . .      Faith    .   (no shield)
rNeg    + . .      Spirit   .   b - +0 leather armour
rPois   inf        Reflect  .   (no helmet)
rElec   +          Harm     .   (no cloak)
rCorr   .          Rampage  .   (no gloves)
Will    .....                   (no boots)
Stlth   +++.......              (no amulet)
HPRegen 0.04/turn               (no ring)
MPRegen 0.07/turn               (no ring)

@: no status effects
A: sickness immunity, AC +2, negative energy resistance 1, electricity
resistance, torment resistance 1, petrification resistance
a: no special abilities


You were on level 5 of the Dungeon.
You visited 1 branch of the dungeon, and saw 1 of its levels.


Innate Abilities, Weirdness & Mutations

You are immune to sickness and miasma.
Your stone body is resilient. (AC +2)
You are immune to poison.
You resist negative energy. (rN+)
You are resistant to electric shocks. (rElec)
You are resistant to unholy torment.
You are immune to petrification.


   Skills:
 - Level 3.2 Fighting
 + Level 2.0 Axes
 - Level 1.5 Dodging
 - Level 5.4 Stealth


You couldn't memorise any spells.
You didn't know any spells.
Your spell library was empty.

Inventory:

Hand Weapons
 a - a +0 hand axe (weapon)
Armour
 b - a +0 leather armour (worn)
Wands
 g - a wand of digging (3)
Scrolls
 c - a scroll of fog
 d - a scroll of magic mapping
 e - a scroll of fear
 h - a scroll of identify {unknown}
Potions
 f - a potion of haste

Dungeon Overview and Level Annotations

Branches:
Dungeon (5/15)
 Temple: D:4-7

Altars:


Message History

There is an entrance to an ossuary on this level.
Hurry and find it before the portal is buried!
Welcome, qw the Gargoyle Delver.
The heart of this dungeon contains the majestic artefact, the Orb of Zot.
Press ? for a list of commands and other information.
Found a stone staircase leading down.
Assign waypoint to what number? (0-9) Waypoint 2 assigned to D:5.
0 ||| PLANNING D:1-11
Found 5 stones.
h - a scroll labelled GUGASIHUSA
Enter note: An orc comes into view. It is wielding a +0 hand axe.
You barely miss the orc. The orc hits you but does no damage.
You slash the orc!
You kill the orc!
Your Axes skill increases to level 2!
An orc priest comes into view. It is wielding a +0 morningstar.
Things that are here:
a +0 hand axe; an orc corpse
36 ||| Stepping ~*~*~tactically~*~*~ (hiding).
You start waiting.
You hear the slow hiss of a very distant avalanche of sand. x2
Done waiting.
138 ||| Stepping ~*~*~tactically~*~*~ (hiding).
You start waiting.
You hear the slow hiss of a very distant avalanche of sand.
You hear the hiss of a very distant avalanche of sand.
Done waiting.
The orc priest shouts!
240 ||| Stepping ~*~*~tactically~*~*~ (hiding).
You start waiting.
An orc priest is nearby!
An ice beast comes into view.
The orc priest mumbles some strange prayers to Beogh against you.
You are unaffected.
The orc priest invokes the aid of Beogh against you.
Beogh smites you!
Ouch! That really hurt!
You die...

#. .... #... ....#
. .... .... .. .
#..###.( ... ..
##....)## ....
##..#.......#..##
.#..........o....#
......#....@#
......##.).## .
......#.....#..
#...............#
##..#.......#..##
#. ##.....## .#
######.###.# #
#.......#### .
#.####..#


You could see an orc priest.

Vanquished Creatures
  An orc (D:5)
1 creature vanquished.

Notes
Turn   | Place    | Note
-------+----------+-------------------------------------------
     0 | D:5      | qw the Gargoyle Delver began the quest for the Orb.
     0 | D:5      | Reached XP level 1. HP: 14/14 MP: 1/1
     0 | D:5      | 0 ||| qw: Version: 0.1-a-116-g5d60599
     0 | D:5      | 0 ||| qw: Game counter: 7731
     0 | D:5      | 0 ||| qw: Always use a shield: true
     0 | D:5      | 0 ||| qw: God list: Okawaru
     0 | D:5      | 0 ||| qw: Allow faded altars: false
     0 | D:5      | 0 ||| qw: Do Orc after D:15 true
     0 | D:5      | 0 ||| qw: Do second Lair branch before Depths: true
     0 | D:5      | 0 ||| qw: Lair rune preference: random
     0 | D:5      | 0 ||| qw: Plans: Normal
     0 | D:5      | 0 ||| PLANNING D:1-11
    35 | D:5      | Noticed an orc priest
    36 | D:5      | 36 ||| Stepping ~*~*~tactically~*~*~ (hiding).
   138 | D:5      | 138 ||| Stepping ~*~*~tactically~*~*~ (hiding).
   240 | D:5      | 240 ||| Stepping ~*~*~tactically~*~*~ (hiding).
   243 | D:5      | Noticed an ice beast
   244 | D:5      | Killed from afar by an orc priest

Levels and vault maps discovered:
D:5:      nicolae_cairo_tiling_large_dashed, layout_loops_cross,
          nicolae_ossuary_entry_plus, minmay_pentangle

Skill      XL: |  1 |
---------------+----+-----
Axes           | 2 |  2.0
Fighting       | |  3.2
Dodging        | |  1.5
Stealth        | |  5.4

Action                   || total
-------------------------++-------
Melee: Hand axe          ||     2
Armor: Leather armour    ||     1

Table legend:
 A = Non-vault XP
 B = Vault XP
 C = Vault XP percentage of total XP
 D = Non-vault monster count
 E = Vault monster count
 F = Vault count percentage of total count
                 A         B        C        D         E       F
            +---------+---------+-------+---------+---------+-------
      Total |       3 |       0 |   0.0 |       1 |       0 |   0.0
            +---------+---------+-------+---------+---------+-------
        D:5 |       3 |       0 |   0.0 |       1 |       0 |   0.0
            +---------+---------+-------+---------+---------+-------
